 Dungeon Crawl Stone Soup version 0.30-a0-883-g5ad918d77d (webtiles) character file.

Game seed: 5977682304467837590

5798 EiAlmux the Thaumaturge (level 10, 0/53 HPs)
             Began as a Deep Elf Conjurer on Mar 16, 2023.
             Was a Priest of Vehumet.
             Slain by a boulder beetle (22 damage)
             ... on level 10 of the Dungeon.
             The game lasted 00:28:28 (9235 turns).

EiAlmux the Thaumaturge (Deep Elf Conjurer)         Turns: 9235, Time: 00:28:28

Health: 0/53       AC:  9    Str:  7    XL:     10   Next: 50%
Magic:  15/37      EV: 13    Int: 25    God:    Vehumet [***...]
Gold:   816        SH:  4    Dex: 13    Spells: 18/34 levels left

rFire   . . .      SeeInvis .    O - +1 short sword (venom)
rCold   + . .      Faith    .    N - +0 buckler
rNeg    . . .      Spirit   .    P - +1 robe {Archmagi}
rPois   .          Reflect  .    (no helmet)
rElec   .          Rampage  .    t - +0 cloak
rCorr   .          Archmagi +    l - +2 pair of gloves
Will    +....                    C - +1 pair of boots of Focus {rC+ Regen+ Str+3 Int-3}
Stlth   +++                      F - amulet of magic regeneration
HPRegen 1.08/turn                j - ring of magical power
MPRegen 0.65/turn                y - ring of wizardry

@: no status effects
A: no striking features
a: Renounce Religion


You were on level 10 of the Dungeon.
You worshipped Vehumet.
Vehumet was most pleased with you.
You visited 2 branches of the dungeon, and saw 11 of its levels.
You also visited: Sewer.

You collected 816 gold pieces.

Inventory:

Hand Weapons
 a - the +0 flail of Hianuutz {spect, Will+ Str+3 Int-5}
   (You found it on level 9 of the Dungeon)

   Str:       It affects your strength (+3).
   Int:       It affects your intelligence (-5).
   Will:      It increases your willpower.
 O - a +1 short sword of venom (weapon)
Armour
 l - a +2 pair of gloves (worn)
 t - a +0 cloak (worn)
 C - the +1 pair of boots of Focus (worn) {rC+ Regen+ Str+3 Int-3}
   (You found it on level 6 of the Dungeon)

   Str:       It affects your strength (+3).
   Int:       It affects your intelligence (-3).
   rC:        It protects you from cold.
   Regen:     It increases your rate of health regeneration.
 D - +0 steam dragon scales
 E - +0 acid dragon scales
 H - a +2 leather armour of fire resistance
 N - a +0 buckler (worn)
 P - a +1 robe of the Archmagi (worn)
Magical Staves
 M - a staff of fire
Jewellery
 c - an amulet of regeneration
 j - a ring of magical power (left hand)
 x - a ring of flight
 y - a ring of wizardry (right hand)
 F - an amulet of magic regeneration (around neck)
 J - a +5 ring of evasion
 L - a ring of wizardry
 Q - an amulet of the acrobat
Wands
 u - a wand of polymorph (10)
 v - a wand of iceblast (13)
 K - a wand of charming (9)
Scrolls
 d - 2 scrolls of enchant weapon
 e - 3 scrolls of noise {unknown}
 f - 4 scrolls of blinking
 h - a scroll of identify
 n - 5 scrolls of teleportation {unknown}
 o - 2 scrolls of summoning
 p - 2 scrolls of enchant armour {unknown}
 q - a scroll of fear {unknown}
 r - a scroll of fog {unknown}
 G - 2 scrolls of poison {unknown}
 I - 3 scrolls of immolation {unknown}
Potions
 b - 2 potions of magic
 g - 7 potions of mutation
 i - a potion of attraction {unknown}
 k - 4 potions of flight
 m - 5 potions of heal wounds
 s - 2 potions of ambrosia {unknown}
 w - a potion of might {unknown}
 z - a potion of degeneration {unknown}
 A - a potion of invisibility {unknown}
 B - 2 potions of curing {unknown}
 R - 2 potions of lignification {unknown}


   Skills:
 - Level 2.0 Fighting
 + Level 4.3 Dodging
 - Level 5.0 Stealth
 + Level 2.2 Shields
 + Level 12.8 Spellcasting
 + Level 11.4 Conjurations
 - Level 4.0 Hexes
 - Level 3.0 Translocations
 - Level 2.0 Fire Magic
 - Level 2.0 Poison Magic


You had 18 spell levels left.
You knew the following spells:

 Your Spells              Type           Power      Damage    Failure   Level
a - Magic Dart            Conj           100%       1d8       1%          1
b - Searing Ray           Conj           100%       2d8       1%          2
c - Fulminant Prism       Conj/Hex       34%        3d15      1%          4
d - Iskenderun's Mystic   Conj/Tloc      67%        2d14      1%          4
e - Poisonous Vapours     Pois/Air       62%        N/A       1%          2
f - Ignite Poison         Fire/Tmut/Pois 33%        N/A       1%          3

Your spell library contained the following spells:

 Spells                   Type           Power      Damage    Failure   Level
 Apportation              Tloc           92%        N/A       1%          1
 Necrotise                Necr           96%        1d8       1%          1
 Summon Small Mammal      Summ           96%        N/A       1%          1
 Blink                    Tloc           92%        N/A       1%          2
 Lesser Beckoning         Tloc           92%        N/A       1%          2
 Momentum Strike          Conj/Tloc      100%       3d10      1%          2
 Dazzling Flash           Conj/Hex       100%       N/A       1%          3
 Gell's Gravitas          Tloc           46%        N/A       1%          3
 Mephitic Cloud           Conj/Pois/Air  55%        N/A       1%          3
 Teleport Other           Tloc           46%        N/A       1%          3
 Cigotuvi's Dreadful Rot  Necr/Pois/Air  56%        N/A       2%          2
 Dispersal                Tloc           23%        N/A       61%         6


Dungeon Overview and Level Annotations

Branches:
Dungeon (10/15)            Temple (1/1) D:5             Orc (0/2) D:9
  Sewer (visited)
   Lair: D:8-11

Altars:
Ashenzari
Cheibriados
Dithmenos
Elyvilon
Fedhas
Gozag
Hepliaklqana
Kikubaaqudgha
Makhleb
Nemelex Xobeh
Okawaru
Qazlal
Ru
Sif Muna
Trog
Uskayaw
Vehumet
Wu Jian
Xom
Yredelemnul
Zin
The Shining One


Message History

Confirm with . or Enter, or press ? or * to list all spells.
You feel a surge of power!
You erupt in a blast of force!
The mystic blast hits the boulder beetle but does no damage.
The boulder beetle is moderately wounded.
The boulder beetle bites you but does no damage.
Casting: Iskenderun's Mystic Blast (safe; 1% risk of failure)
Confirm with . or Enter, or press ? or * to list all spells.
Aiming: Searing Ray (safe; 1% risk of failure)
Press: ? - help, Shift-Dir - straight line, f/p - boulder beetle
Aim: a boulder beetle (moderately wounded, 100% to hit)
You feel a surge of power!
The searing ray hits the boulder beetle!
The boulder beetle is heavily wounded. (Press . to maintain the ray.)
The boulder beetle bites you!
The searing ray hits the boulder beetle but does no damage.
The boulder beetle is heavily wounded.
The boulder beetle misses you.
The searing ray hits the boulder beetle!
The boulder beetle is heavily wounded.
The boulder beetle bites you but does no damage.
Casting: Searing Ray (safe; 1% risk of failure)
Confirm with . or Enter, or press ? or * to list all spells.
Aiming: Fulminant Prism (safe; 1% risk of failure)
Press: ? - help, Dir - move target, p - boulder beetle You feel a surge of power!
You conjure a prism of explosive energy!
A fulminant prism comes into view.
The boulder beetle bites you!!
Casting: Fulminant Prism (safe; 1% risk of failure)
Confirm with . or Enter, or press ? or * to list all spells.
Aiming: Searing Ray (safe; 1% risk of failure)
Press: ? - help, Shift-Dir - straight line, f - boulder beetle
Aim: a boulder beetle (heavily wounded, ally target, 100% to hit)
You feel a surge of power!
The searing ray hits the boulder beetle but does no damage.
The boulder beetle is heavily wounded. (Press . to maintain the ray.)
The boulder beetle bites you!!
You die...

.# #..# #..# #..#
.# #..# #..# #..#
.####..####.<###..#
..................#
..................#
################.*#
#..# #B.# #@.# #..#
#..#
################..#
..................#
..................#
###################


You could see a boulder beetle (ally target) and a friendly fulminant prism.

Vanquished Creatures
  A troll (D:9)
  2 hornets
  2 shadows
  6 yaks (D:9)
  2 steam dragons
  2 acid dragons
  A water moccasin (D:7)
  An ice beast (D:5)
  An orc warrior (D:7)
  2 black bears
  5 centaurs
  An ogre (D:6)
  2 bullfrogs (D:7)
  A gnoll sergeant (D:10)
  8 kobold brigands
  3 scorpions
  9 wights
  5 killer bees (D:7)
  5 howler monkeys
  3 orc priests
  4 hounds
  2 jellies (D:6)
  A gnoll bouda (D:5)
  2 iguanas
  A sleepcap (D:6)
  5 orc wizards
  11 gnolls
  6 adders
  4 river rats (Sewer)
  A shadow imp (D:7)
  3 white imps
  An ufetubus (D:6)
  3 worms
  22 orcs
  4 endoplasms
  3 giant cockroaches
  5 goblins
  6 hobgoblins
  10 jackals
  2 quokkas (D:1)
  9 ball pythons
  2 bats (D:1)
  4 frilled lizards (Sewer)
  16 kobolds
  11 rats
  A toadstool (D:5)
201 creatures vanquished.

Vanquished Creatures (others)
  49 fulminant prisms
  7 fungi
  18 plants
  2 toadstools (D:5)
76 creatures vanquished.

Grand Total: 277 creatures vanquished

Notes
Turn   | Place    | Note
-------+----------+-------------------------------------------
     0 | D:1      | EiAlmux the Deep Elf Conjurer began the quest for the Orb.
     0 | D:1      | Reached XP level 1. HP: 10/10 MP: 6/6
   225 | D:1      | Reached skill level 1 in Hexes
   225 | D:1      | Reached XP level 2. HP: 15/15 MP: 4/8
   311 | D:1      | Learned a level 2 spell: Searing Ray
   348 | D:1      | Found a faded altar of an unknown god.
   970 | D:2      | Reached XP level 3. HP: 19/19 MP: 6/10
  1888 | D:3      | Found a glowing drain.
  1893 | D:3      | Reached skill level 4 in Spellcasting
  1893 | D:3      | Reached XP level 4. HP: 24/24 MP: 8/12
  1920 | Sewer    | Entered a sewer
  2098 | Sewer    | Reached skill level 5 in Conjurations
  2103 | Sewer    | Noticed a kobold brigand
  2123 | Sewer    | Killed a kobold brigand
  2124 | Sewer    | Reached XP level 5. HP: 28/28 MP: 8/13
  2352 | Sewer    | Reached skill level 5 in Spellcasting
  2352 | Sewer    | Reached XP level 6. HP: 30/32 MP: 14/15
  2498 | Sewer    | Reached skill level 5 in Stealth
  2504 | Sewer    | Learned a level 4 spell: Fulminant Prism
  2719 | Sewer    | Reached skill level 1 in Fighting
  3817 | D:4      | Reached skill level 1 in Translocations
  4183 | D:4      | Reached XP level 7. HP: 38/38 MP: 17/17
  4397 | D:5      | Entered Level 5 of the Dungeon
  4532 | D:5      | Reached skill level 6 in Spellcasting
  4652 | D:5      | Learned a level 4 spell: Iskenderun's Mystic Blast
  4867 | D:5      | Found a staircase to the Ecumenical Temple.
  4873 | Temple   | Entered the Ecumenical Temple
  4880 | Temple   | Became a worshipper of Vehumet
  5016 | D:6      | Noticed an air elemental
  5016 | D:6      | Found a stormy altar of Qazlal.
  5017 | D:6      | Noticed a water elemental
  5031 | D:6      | Noticed a fire elemental
  5166 | D:6      | Found a shimmering altar of Xom.
  5219 | D:6      | Reached skill level 7 in Spellcasting
  5219 | D:6      | Reached XP level 8. HP: 27/44 MP: 20/20
  5269 | D:6      | Reached skill level 8 in Spellcasting
  5667 | D:6      | Identified the +1 pair of boots of Focus {rC+ Regen+ Str+3
                  | Int-3}
  5696 | D:6      | Reached skill level 9 in Spellcasting
  5761 | D:6      | Found a sparkling altar of Nemelex Xobeh.
  5952 | D:7      | Reached * piety under Vehumet
  5952 | D:7      | Offered knowledge of Foxfire by Vehumet.
  6069 | D:7      | Reached XP level 9. HP: 47/48 MP: 24/24
  6071 | D:7      | Reached skill level 10 in Spellcasting
  6472 | D:7      | Reached skill level 11 in Spellcasting
  6475 | D:7      | Reached skill level 10 in Conjurations
  6593 | D:7      | Reached ** piety under Vehumet
  6614 | D:7      | Offered knowledge of Static Discharge by Vehumet.
  6719 | D:7      | Found a white marble altar of Elyvilon.
  7381 | D:8      | Found a glowing golden altar of the Shining One.
  7383 | D:8      | Found a broken altar of Ashenzari.
  7549 | D:8      | Found a burning altar of Makhleb.
  8048 | D:9      | Noticed a troll
  8054 | D:9      | Killed a troll
  8055 | D:9      | Reached skill level 12 in Spellcasting
  8185 | D:9      | Found a staircase to the Orcish Mines.
  8202 | D:9      | Identified the +0 flail of Hianuutz {spect, Will+ Str+3
                  | Int-5}
  8272 | D:9      | Offered knowledge of Ignite Poison by Vehumet.
  8276 | D:9      | Reached XP level 10. HP: 53/53 MP: 28/28
  8392 | D:9      | Learned a level 2 spell: Poisonous Vapours
  8396 | D:9      | Learned a level 3 spell: Ignite Poison
  8412 | D:9      | Reached skill level 1 in Shields
  8412 | D:9      | Reached skill level 1 in Fire Magic
  8412 | D:9      | Reached skill level 1 in Poison Magic
  8420 | D:9      | Reached *** piety under Vehumet
  9061 | D:10     | Entered Level 10 of the Dungeon
  9072 | D:10     | Noticed a boulder beetle
  9235 | D:10     | Slain by a boulder beetle

Illustrated notes

Levels and vault maps discovered:
D:1:      psy_arrival_fountain, layout_rooms,
          shapermc_ecumenical_altar_mp_urbaneastern,
          minmay_misc_feat_nine_boxes, kennysheep_another_room
D:2:      layout_loops_ring
D:3:      layout_basic, portal_sewer_entry_a
D:4:      layout_gridville
D:5:      layout_gridville, minmay_temple_entry_enclosed_plants,
          minmay_gold_behind_fungi
D:6:      layout_basic, nemelex_spade_bored_becter,
          nicolae_qazlal_style_of_elements, lemuel_round_altar
D:7:      layout_loops_ring, amcnicky_altar_gilded, minmay_starry_boxes
D:8:      layout_cave_pods, makhleb_blood_cavern_becter,
          nicolae_overflow_hidden_temple
D:9:      layout_grid_maze, orc_0_dummy
D:10:     layout_small_grid, dpeg_lair_monsters, serial_shops, kennysheep_mini
Temple:   nicolae_temple_no_exploring_needed

Skill      XL: |  1  2  3  4  5  6  7  8  9 10 |
---------------+-------------------------------+-----
Hexes          | 1 2 3 4 |  4.0
Stealth        | 3 4 5 |  5.0
Spellcasting   | 4 5 7 9 12 | 12.8
Conjurations   | 5 6 8 10 11 | 11.4
Fighting       | 1 2 |  2.0
Translocations | 1 3 |  3.0
Dodging        | 4 |  4.3
Shields        | 2 |  2.2
Fire Magic     | 2 |  2.0
Poison Magic   | 2 |  2.0

Action                     |  1- 3 |  4- 6 |  7- 9 | 10-12 || total
---------------------------+-------+-------+-------+-------++-------
  Melee: Unarmed           |     3 |       |       |       ||     3
         Dagger            |       |     5 |     2 |       ||     7
         Punch             |       |       |     1 |       ||     1
         Short sword       |       |       |       |     1 ||     1
   Cast: Magic Dart        |    80 |   102 |    70 |     3 ||   255
         Searing Ray       |     1 |     9 |    31 |    10 ||    51
         Fulminant Prism   |       |       |    39 |    11 ||    50
         Iskenderun's Myst |       |       |    14 |    12 ||    26
         Poisonous Vapours |       |       |       |     1 ||     1
    Use: Scroll            |     5 |       |     1 |       ||     6
 Armour: Robe              |     2 |     7 |     8 |     6 ||    23
         Steam dragon scal |       |       |    15 |     2 ||    17
  Dodge: Dodged            |     6 |    14 |    36 |    13 ||    69
  Block: Buckler           |       |       |       |     2 ||     2

Table legend: (Time is in decaauts)
 A = Elapsed time spent in this place.
 B = Non-inter-level travel time spent in this place.
 C = Inter-level travel time spent in this place.
 D = Time resting spent in this place.
 E = Time spent auto-exploring this place.
 F = Levels seen in this place.
 G = Mean time per level.
                   A        B        C        D        E       F      G
               +--------+--------+--------+--------+--------+-----+--------+
         Total |   9380 |   8980 |    400 |    533 |   7299 |  12 |  781.7 |
       Dungeon |   8213 |   7825 |    388 |    531 |   6311 |  10 |  821.3 |
        Temple |     14 |      2 |     12 |      0 |      0 |   1 |   14.0 |
         Sewer |   1152 |   1152 |      0 |      2 |    988 |   1 | 1152.0 |
               +--------+--------+--------+--------+--------+-----+--------+

Top non-repeatable levels by time:
   Sewer: 1152 daAuts
     D:6: 1141 daAuts
     D:9: 1102 daAuts
     D:7: 976 daAuts
     D:1: 966 daAuts
     D:8: 908 daAuts
     D:2: 904 daAuts
     D:3: 777 daAuts
     D:4: 740 daAuts
     D:5: 602 daAuts
    D:10: 90 daAuts
  Temple: 14 daAuts
